 Dungeon Crawl Stone Soup version 0.28-a0-750-g7c675f85b1 (webtiles) character file.

Game seed: 5172734886950963657

3 ytrimaz the Chopper (level 1, 0/16 HPs)
             Began as a Demonspawn Gladiator on Oct 29, 2021.
             Slain by a kobold (2 damage)
             ... on level 1 of the Dungeon.
             The game lasted 00:00:15 (203 turns).

ytrimaz the Chopper (Demonspawn Gladiator)           Turns: 203, Time: 00:00:16

Health: 0/16       AC:  4    Str: 14    XL:     1   Next: 41%
Magic:  1/1        EV: 12    Int:  9    God:
Gold:   0          SH:  0    Dex: 14    Spells: 0/0 levels left

rFire   . . .      SeeInvis .   a - +0 war axe
rCold   . . .      Faith    .   (no shield)
rNeg    . . .      Spirit   .   b - +0 leather armour
rPois   .          Reflect  .   c - +0 helmet
rElec   .          Harm     .   (no cloak)
rCorr   .          Rampage  .   (no gloves)
Will    .....                   (no boots)
Stlth   +.........              (no amulet)
HPRegen 0.05/turn               (no ring)
MPRegen 0.07/turn               (no ring)

@: no status effects
A: no striking features
a: no special abilities


You were on level 1 of the Dungeon.
You visited 1 branch of the dungeon, and saw 1 of its levels.

Inventory:

Hand Weapons
 a - a +0 war axe (weapon)
Missiles
 d - 3 throwing nets (quivered)
Armour
 b - a +0 leather armour (worn)
 c - a +0 helmet (worn)
Scrolls
 e - a scroll of acquirement {unknown}


   Skills:
 * Level 2.0 Fighting
 + Level 2.7 Axes
 - Level 1.7 Throwing
 * Level 0.1 Armour
 + Level 2.7 Dodging


You couldn't memorise any spells.
You didn't know any spells.
Your spell library was empty.

Dungeon Overview and Level Annotations

Branches:
Dungeon (1/15)

Altars:


Message History

There are monsters nearby!
A rat comes into view.
The kobold shouts!
Found a blue potion.
The quokka closely misses you. x2
You miss the quokka. The quokka closely misses you.
The kobold barely misses you.
You hit the quokka.
The quokka is heavily wounded.
You barely miss the kobold. The quokka closely misses you.
A kobold comes into view. It is wielding a +0 whip.
The kobold hits you with a +0 short sword.
The quokka barely misses you.
The kobold shouts!
You hit the kobold but do no damage. You completely miss the rat.
You miss the quokka. The rat barely misses you.
The kobold completely misses you. The quokka misses you.
Unknown command.
You miss the quokka.
The quokka is heavily wounded.
You hit the kobold.
You kill the kobold!
You hit the rat.
You kill the rat!
The quokka bites you. x2
You miss the quokka.
The quokka is heavily wounded.
The quokka bites you but does no damage.
The quokka closely misses you.
You barely miss the quokka.
The quokka is heavily wounded.
The quokka bites you but does no damage.
Unknown command.
You miss the quokka.
The quokka is heavily wounded.
You hit the kobold. The quokka bites you.
* * * LOW HITPOINT WARNING * * *
The kobold hits you with a +0 whip.
* * * LOW HITPOINT WARNING * * *
The quokka closely misses you. The kobold hits you with a +0 whip.
You die...

..................#.
##..................
#.>.................
#........####.....#.
###........#
#.....#.
#......#####
#.....#. #......#
#.....#. #......#
#.....#. #...r@.#
#.....#.
......)K...#
###......#.#
#......#.# #.......
. #......#...
##......! .. #......
.


You could see a quokka and a kobold.

Vanquished Creatures
  A hobgoblin (D:1)
  A bat (D:1)
  A kobold (D:1)
  A rat (D:1)
4 creatures vanquished.

Notes
Turn   | Place    | Note
-------+----------+-------------------------------------------
     0 | D:1      | ytrimaz the Demonspawn Gladiator began the quest for the
                  | Orb.
     0 | D:1      | Reached XP level 1. HP: 16/16 MP: 1/1
   203 | D:1      | Slain by a kobold

Illustrated notes

Levels and vault maps discovered:
D:1:      matt_arrival_grand_opening, layout_basic, serial_corexii_hall,
          corexii_hall_statues_x, corexii_hall_statues_u, serial_shops, shop

Action                   || total
-------------------------++-------
Melee: War axe           ||    17
Armor: Leather armour    ||    13
Dodge: Dodged            ||    16

Table legend: (Time is in decaauts)
 A = Elapsed time spent in this place.
 B = Non-inter-level travel time spent in this place.
 C = Inter-level travel time spent in this place.
 D = Time resting spent in this place.
 E = Time spent auto-exploring this place.
 F = Levels seen in this place.
 G = Mean time per level.
                   A        B        C        D        E       F      G
               +--------+--------+--------+--------+--------+-----+--------+
         Total |    208 |    208 |      0 |      0 |    170 |   1 |  208.0 |
       Dungeon |    208 |    208 |      0 |      0 |    170 |   1 |  208.0 |
               +--------+--------+--------+--------+--------+-----+--------+

Top non-repeatable levels by time:
     D:1: 208 daAuts
